 Dungeon Crawl Stone Soup version 0.30-a0-629-gd54f4be4f7 (webtiles) character file.

Game seed: 13073137224462237419

44 Mitcholas the Shooter (level 3, -4/21 HPs)
             Began as a Deep Elf Hunter on Jan 12, 2023.
             Killed from afar by an orc wizard (7 damage)
             ... with a magic dart
             ... on level 3 of the Dungeon.
             The game lasted 00:01:34 (1658 turns).

Mitcholas the Shooter (Deep Elf Hunter)             Turns: 1658, Time: 00:01:35

Health: -4/21      AC:  3    Str:  8    XL:     3   Next: 39%
Magic:  5/5        EV: 13    Int: 13    God:
Gold:   90         SH:  0    Dex: 20    Spells: 2/2 levels left

rFire   . . .      SeeInvis .    a - +0 shortbow
rCold   . . .      Faith    .    (shield currently unavailable)
rNeg    . . .      Spirit   .    c - +0 leather armour
rPois   .          Reflect  .    (no helmet)
rElec   .          Harm     .    (no cloak)
rCorr   .          Rampage  .    (no gloves)
Will    .....                    (no boots)
Stlth   ++                       (no amulet)
HPRegen 0.23/turn                (no ring)
MPRegen 0.09/turn                (no ring)

@: no status effects
A: no striking features
a: no special abilities


You were on level 3 of the Dungeon.
You visited 1 branch of the dungeon, and saw 3 of its levels.

You collected 90 gold pieces.

Inventory:

Hand Weapons
 a - a +0 shortbow (weapon)
Armour
 c - a +0 leather armour (worn)
Scrolls
 b - a scroll of immolation
 d - 2 scrolls of identify {unknown}
 g - a scroll of magic mapping {unknown}
 i - a scroll of butterflies {unknown}
 k - a scroll of vulnerability {unknown}
 l - 2 scrolls of enchant armour {unknown}
 m - 2 scrolls of poison {unknown}
 p - a scroll of teleportation {unknown}
 r - 2 scrolls of fear {unknown}
Potions
 e - a potion of might {unknown}
 f - a potion of flight {unknown}
 h - a potion of heal wounds {unknown}
 j - a potion of curing {unknown}
 n - a potion of degeneration {unknown}
 o - a potion of attraction {unknown}
 q - a potion of haste {unknown}


   Skills:
 + Level 2.0 Fighting
 * Level 5.8 Ranged Weapons
 + Level 0.8 Armour
 + Level 3.0 Dodging
 + Level 2.0 Stealth


You had 2 spell levels left.
You didn't know any spells.
Your spell library contained the following spells:

 Spells                   Type           Power      Damage    Failure   Level
 Slow                     Hex            0%         N/A       41%         1
 Confusing Touch          Hex            0%         N/A       78%         3
 Vampiric Draining        Necr           0%         2d6       78%         3


Dungeon Overview and Level Annotations

Branches:
Dungeon (3/15)

Altars:


Message History

Deactivating autopickup; reactivate with Ctrl-A.
The orc hits you with a +0 hand axe.
You are too injured to fight recklessly!
You are too injured to fight recklessly!
You are too injured to fight recklessly!
You are too injured to fight recklessly!
You are too injured to fight recklessly!
You are too injured to fight recklessly!
You are too injured to fight recklessly!
You are too injured to fight recklessly!
You are too injured to fight recklessly!
You are too injured to fight recklessly!
You are too injured to fight recklessly!
You are too injured to fight recklessly!
You are too injured to fight recklessly!
You are too injured to fight recklessly!
You are too injured to fight recklessly!
You are too injured to fight recklessly!
You are too injured to fight recklessly!
You are too injured to fight recklessly!
You are too injured to fight recklessly!
You are too injured to fight recklessly!
A magic dart appears from out of thin air!
The magic dart hits you!
* * * LOW HITPOINT WARNING * * *
You shoot an arrow.
The arrow hits the orc but does no damage.
You shoot an arrow. The arrow hits the orc.
The orc is heavily wounded.
The orc barely misses you.
You shoot an arrow. The arrow hits the orc!
You kill the orc!
Your Fighting skill increases to level 2!
Your Stealth skill increases to level 2!
You shoot an arrow. The arrow hits the orc!
You kill the orc!
You hear some strange, mumbled words.
A magic dart appears from out of thin air!
The magic dart hits you!
You die...

#...##### #...#...
########...#.####
................)
#............... .
#.................
########...#.##.##.#
###...#{......#
.#.....@)##.#### #
.#.#...#.# #.
###.#.#...#.#
.##.........#.#
.....#.#...#.#
..).#.......#######
##.#.#######.......# #
#.<..# #.###.....
#.##..#.#######.......##


There were no monsters in sight!

Vanquished Creatures
  3 orcs (D:3)
  A ball python (D:2)
  5 endoplasms
  4 giant cockroaches
  3 goblins (D:1)
  4 hobgoblins
  4 jackals (D:2)
  4 kobolds
  A quokka (D:1)
  2 bats
  4 rats
35 creatures vanquished.

Notes
Turn   | Place    | Note
-------+----------+-------------------------------------------
     0 | D:1      | Mitcholas the Deep Elf Hunter began the quest for the Orb.
     0 | D:1      | Reached XP level 1. HP: 12/12 MP: 3/3
   108 | D:1      | Reached XP level 2. HP: 17/17 MP: 4/4
  1123 | D:2      | Reached XP level 3. HP: 21/21 MP: 5/5
  1654 | D:3      | HP: 1/21 [something/magic dart (8)]
  1658 | D:3      | Killed from afar by an orc wizard

Illustrated notes

Levels and vault maps discovered:
D:1:      onia_arrival_pentagram, layout_basic, chequers_decorated_corner
D:2:      layout_basic, st_stairs_13, hangedman_abyss_or_decor_stabs
D:3:      layout_loops_cross

Skill      XL: |  1  2  3 |
---------------+----------+-----
Dodging        | 3 |  3.0
Fighting       | 2 |  2.0
Stealth        | 2 |  2.0
Ranged Weapons | |  5.8
Armour         | |  0.8

Action                   || total
-------------------------++-------
 Fire: Shortbow          ||    93
Armor: Leather armour    ||     7
Dodge: Dodged            ||    24

Table legend: (Time is in decaauts)
 A = Elapsed time spent in this place.
 B = Non-inter-level travel time spent in this place.
 C = Inter-level travel time spent in this place.
 D = Time resting spent in this place.
 E = Time spent auto-exploring this place.
 F = Levels seen in this place.
 G = Mean time per level.
                   A        B        C        D        E       F      G
               +--------+--------+--------+--------+--------+-----+--------+
         Total |   1682 |   1663 |     19 |      0 |   1475 |   3 |  560.7 |
       Dungeon |   1682 |   1663 |     19 |      0 |   1475 |   3 |  560.7 |
               +--------+--------+--------+--------+--------+-----+--------+

Top non-repeatable levels by time:
     D:2: 843 daAuts
     D:1: 776 daAuts
     D:3: 62 daAuts
